 Dungeon Crawl Stone Soup version 0.31-a0-948-gf5be29c462 (webtiles) character file.

Game seed: 6159110474197895554

131 Bnni the Shooter (level 4, 0/27 HPs)
             Began as a Deep Elf Hunter on Oct 21, 2023.
             Slain by an orc
             ... wielding a +0 club
              (1 damage)
             ... on level 2 of the Dungeon.
             The game lasted 00:01:31 (1604 turns).

Bnni the Shooter (Deep Elf Hunter)                  Turns: 1604, Time: 00:01:32

Health: 0/27       AC:  3    Str:  8    XL:     4   Next: 91%
Magic:  6/6        EV: 12    Int: 14    God:
Gold:   202        SH:  0    Dex: 20    Spells: 3/3 levels left

rFire   . . .        a - +0 shortbow
rCold   . . .        (shield currently unavailable)
rNeg    . . .        c - +0 leather armour
rPois   .            (no helmet)
rElec   .            (no cloak)
rCorr   .            (no gloves)
SInv    .            (no boots)
Will    .....        (no amulet)
Stlth   ++           (no ring)
HPRegen 0.24/turn    (no ring)
MPRegen 0.10/turn

%: no passive effects
@: no status effects
A: no striking features
a: no special abilities


You were on level 2 of the Dungeon.
You visited 1 branch of the dungeon, and saw 3 of its levels.

You collected 202 gold pieces.

Inventory:

Hand Weapons
 a - a +0 shortbow (weapon)
Armour
 c - a +0 leather armour (worn)
Scrolls
 b - a scroll of butterflies
 d - 4 scrolls of identify {unknown}
 g - a scroll of silence {unknown}
 h - a scroll of vulnerability {unknown}
 i - 3 scrolls of teleportation {unknown}
Potions
 e - a potion of brilliance {unknown}
 f - a potion of might {unknown}
 j - 3 potions of curing {unknown}


   Skills:
 + Level 2.7 Fighting
 * Level 7.4 Ranged Weapons
 - Level 2.4 Dodging
 - Level 1.2 Stealth


You had 3 spell levels left.
You didn't know any spells.
Your spell library contained the following spells:

 Spells                   Type           Power      Damage    Failure   Level
 Apportation              Tloc           0%         N/A       38%         1
 Jinxbite                 Hex            0%         N/A       54%         2
 Sublimation of Blood     Necr           0%         N/A       54%         2
 Ozocubu's Armour         Ice            0%         N/A       77%         3
 Animate Armour           Summ/Erth      0%         N/A       99%         4
 Passage of Golubria      Tloc           0%         N/A       99%         4
 Petrify                  Tmut/Erth      0%         N/A       99%         4
 Summon Lightning Spire   Summ/Air       0%         N/A       99%         4
 Alistair's Intoxication  Tmut/Pois      0%         N/A       100%        5
 Irradiate                Conj/Tmut      0%         3d11      100%        5
 Lee's Rapid Deconstruct  Erth           0%         3d4*      100%        5
 Silence                  Hex/Air        0%         N/A       100%        5
 Ozocubu's Refrigeration  Ice            0%         4d7       100%        7
 Lehudib's Crystal Spear  Conj/Erth      0%         10d2      100%        8


Dungeon Overview and Level Annotations

Branches:
Dungeon (3/15)

Altars:

Shops:
D:2 (

Annotations:
D:3 1 transporter


Message History

The orc is heavily wounded.
You hear a shout!
The orc priest mumbles some strange prayers to Beogh against you.
Beogh smites you!
You shoot an arrow. The arrow closely misses the orc.
The orc hits you but does no damage. The orc attacks as it pursues you!
The orc hits you with a +0 club.
The orc priest calls upon Beogh to heal the orc.
The orc's wounds heal themselves!
The orc attacks as it pursues you! The orc hits you with a +0 club.
The orc attacks as it pursues you! The orc hits you with a +0 club.
* * * LOW HITPOINT WARNING * * *
The orc attacks as it pursues you! The orc hits you with a +0 club.
* * * LOW HITPOINT WARNING * * *
There is a stone staircase leading up here.
The orc hits you with a +0 club.
* * * LOW HITPOINT WARNING * * *
You climb upwards.
There is a stone staircase leading down here.
You are too injured to fight recklessly!
You shoot an arrow. The arrow hits the orc.
The orc is moderately wounded.
The orc closely misses you.
You shoot an arrow.
The arrow hits the orc but does no damage.
The orc is moderately wounded.
The orc hits you with a +0 club.
* * * LOW HITPOINT WARNING * * *
Unknown command.
You shoot an arrow. The arrow hits the orc.
The orc is almost dead.
The orc hits you with a +0 club.
* * * LOW HITPOINT WARNING * * *
Unknown command.
Fire: a) +0 shortbow
Press: ? - help, Shift-Dir - straight line, f/p - orc
Aim: an orc, wielding a +0 club and wearing a +0 chain mail (almost dead, 72% to hit)
You shoot an arrow. The arrow barely misses the orc.
The orc hits you with a +0 club.
You die...

#.................####........
###...................##........
#...............................
#.##....##......................
#..'.........#+#.##.............
####.............###............
#...............#............
#...........o...#............
#...........@.........<......
#...............#............
#...............##...........
#...............##(..........
#..............##............
#......#####...##............
#.....#........##..........##
##.......################.....
#...###### ########...#.....


You could see an orc.

Vanquished Creatures
  4 adders
  5 worms
  2 dart slugs
  7 orcs (D:3)
  5 bats
  11 endoplasms
  2 giant cockroaches (D:2)
  7 hobgoblins
  3 kobolds
  4 quokkas
  4 ball pythons
  2 frilled lizards
  6 goblins
  2 rats
64 creatures vanquished.

Notes
Turn   | Place    | Note
-------+----------+-------------------------------------------
     0 | D:1      | Bnni the Deep Elf Hunter began the quest for the Orb.
     0 | D:1      | Reached XP level 1. HP: 12/12 MP: 3/3
   148 | D:1      | Reached XP level 2. HP: 17/17 MP: 4/4
   270 | D:1      | Reached skill level 6 in Ranged Weapons
   329 | D:1      | Found a faded altar of an unknown god.
   627 | D:2      | Reached XP level 3. HP: 20/21 MP: 5/5
   938 | D:2      | Found Aruriy's Antique Weapon Shoppe.
   980 | D:2      | Reached XP level 4. HP: 27/27 MP: 6/6
  1096 | D:2      | Reached skill level 7 in Ranged Weapons
  1314 | D:3      | Found a transporter.
  1603 | D:2      | HP: 1/27 [orc/+0 club (2)]
  1604 | D:2      | Slain by an orc

Illustrated notes

Levels and vault maps discovered:
D:1:      dpeg_arrival_castle, layout_loops_cross,
          shapermc_ecumenical_altar_flowoftime, grunt_decor_arrowhead
D:2:      minmay_door_path, layout_basic, serial_shops, shop, serial_curves,
          eino_curves_03, eino_curves_01, minmay_circled_x
D:3:      gammafunk_steamed_eel, layout_rooms, dreamdust_wishing_well,
          minmay_close_crescents

Skill      XL: |  1  2  3  4 |
---------------+-------------+-----
Ranged Weapons | 6 7 |  7.4
Fighting       | 2 |  2.7
Dodging        | |  2.4
Stealth        | |  1.2

Action                     |  1- 3 |  4- 6 || total
---------------------------+-------+-------++-------
   Fire: Shortbow          |    96 |    82 ||   178
 Armour: Leather armour    |    14 |    21 ||    35
  Dodge: Dodged            |    10 |    11 ||    21

Table legend: (Time is in decaauts)
 A = Elapsed time spent in this place.
 B = Non-inter-level travel time spent in this place.
 C = Inter-level travel time spent in this place.
 D = Time resting spent in this place.
 E = Time spent auto-exploring this place.
 F = Levels seen in this place.
 G = Mean time per level.
                   A        B        C        D        E       F      G
               +--------+--------+--------+--------+--------+-----+--------+
         Total |   1632 |   1595 |     37 |      0 |   1293 |   3 |  544.0 |
       Dungeon |   1632 |   1595 |     37 |      0 |   1293 |   3 |  544.0 |
               +--------+--------+--------+--------+--------+-----+--------+

Top non-repeatable levels by time:
     D:2: 702 daAuts
     D:1: 633 daAuts
     D:3: 296 daAuts
